 Dungeon Sprint DCSS version 0.21.0-24-g2553a33 (webtiles) character file.

21 letownia2 the Ruffian (level 2, -3/28 HPs)
             Began as a Troll Wizard on Jan 20, 2018.
             Slain by a wolf (10 damage)
             ... in the Dungeon (Sprint III: "The Ten Rune Challenge").
             The game lasted 00:00:37 (99 turns).

letownia2 the Ruffian (Troll Wizard)                  Turns: 99, Time: 00:00:38

Health: -3/28      AC:  5    Str: 14    XL:     2   Next: 62%
Magic:  4/4        EV:  9    Int: 14    God:
Gold:   11         SH:  0    Dex:  8    Spells: 4/5 levels left

rFire    . . .     SeeInvis .     - Unarmed
rCold    . . .     Gourm    +   (no shield)
rNeg     . . .     Faith    .   a - +0 robe
rPois    .         Spirit   .   b - +0 hat
rElec    .         Reflect  .   (no cloak)
rCorr    .         Harm     .   (gloves unavailable)
MR       .....     NoTele   +   (boots unavailable)
Stlth    +.........             (no amulet)
HPRegen  0.49/turn              (no ring)
MPRegen  0.09/turn              (no ring)

@: no status effects
A: large, unfitting armour, claws 3, fast metabolism 3, gourmand, regeneration
1, shaggy fur 1, tough skin 2
a: no special abilities


You were in the Dungeon.
You were not hungry.

You visited 1 branch You collected 11 gold pieces.

Inventory:

Armour
 a - a +0 robe (worn)
 b - a +0 hat (worn)
Scrolls
 j - a scroll of blinking
Potions
 e - a potion of curing
 f - a potion of heal wounds
 g - a potion of haste
 h - 2 potions of magic
 i - a potion of berserk rage
Books
 c - a book of Minor Magic

   Spells                             Type                      Level
   a - Magic Dart                     Conjuration                  1
   b - Blink                          Translocation                2
   c - Call Imp                       Summoning                    2
   d - Slow                           Hexes                        2
   e - Conjure Flame                  Conjuration/Fire             3
   f - Mephitic Cloud                 Conjuration/Poison/Air       3
Comestibles
 d - 2 rations


   Skills:
 + Level 2.2 Fighting
 - Level 1.5 Dodging
 - Level 1.0 Stealth
 * Level 4.2 Unarmed Combat
 - Level 2.0 Spellcasting
 - Level 0.6 Conjurations
   Level 0.6 Summonings
   Level 0.6 Translocations


You had 4 spell levels left.
You knew the following spells:

 Your Spells              Type           Power        Failure   Level  Hunger
a - Magic Dart            Conj           #...         19%         1    ##.....


Dungeon Overview and Level Annotations

Branches:
Dungeon (1/1)

Altars:


Innate Abilities, Weirdness & Mutations

You are too large for most types of armour.
You have claws for hands.
Your metabolism is lightning-fast.
You like to eat raw meat.
Your natural rate of healing is unusually fast.
You are covered in fur. (AC +1)
You have very tough skin. (AC +2)


Message History

Unknown command.
Okay, then.
A wolf comes into view.
HP restored.
The wolf is too close now for your liking.
The wolf closely misses you.
You barely miss the wolf. The wolf bites you. The wolf bites you!
You scratch the wolf but do no damage. The wolf closely misses you.
You scratch the wolf but do no damage. The wolf bites you.
The wolf barely misses you.
You are too injured to fight recklessly!
You are too injured to fight recklessly!
You are too injured to fight recklessly!
You miss the wolf. The wolf bites you.
* * * LOW HITPOINT WARNING * * *
The wolf closely misses you.
You closely miss the wolf. The wolf bites you but does no damage.
Okay, then.
You closely miss the wolf. The wolf bites you!
You die...

▓..##.......# .#
▓##.##.##...# .#
##.##.###..# ..#
▓#.####.##..# ...+
▓.###..##..##
#...# ▓#.....##..#
#....#
###..##...##.....#
##..##....#h.....#
#..###..##@#.....#
#..# #..#####....#
▓▓▓▓ ▓▓▓▓ ▓▓▓▓▓


You could see a wolf.

Vanquished Creatures
  A human (D)
  4 rats (D)
5 creatures vanquished.

Vanquished Creatures (others)
  A yaktaur (D)
  2 hellions (D)
  A plant (D)
4 creatures vanquished.

Grand Total: 9 creatures vanquished

Notes
Turn   | Place    | Note
-------+----------+-------------------------------------------
     0 | D        | letownia2 the Troll Wizard began the quest for the Orb.
     0 | D        | Reached XP level 1. HP: 16/16 MP: 2/2
    12 | D        | Reached skill level 1 in Unarmed Combat
    48 | D        | Reached skill level 1 in Fighting
    48 | D        | Reached skill level 2 in Unarmed Combat
    78 | D        | Reached skill level 4 in Unarmed Combat
    78 | D        | Reached XP level 2. HP: 21/28 MP: 4/4
    78 | D        | Killed a hellion
    90 | D        | Killed a yaktaur
    98 | D        | Killed a hellion
    99 | D        | Slain by a wolf

Skill      XL: |  1 |
---------------+----+-----
Unarmed Combat | 4 |  4.2
Fighting       | 2 |  2.2
Dodging        | |  1.5
Stealth        | |  1.0
Spellcasting   | |  2.0
Conjurations   | |  0.6
Summonings     | |  0.6
Translocations | |  0.6

Action                   || total
-------------------------++-------
Melee: Unarmed           ||    39
 Stab: Sleeping          ||     1
  Eat: Chunk             ||     2
Armor: Robe              ||    11
Dodge: Dodged            ||    20
